 Dungeon Crawl Stone Soup version 0.30.0-29-ga12c61a403 (webtiles) character file.

Game seed: 3060318954059685672

921 wingedge the Cudgeller (level 8, -3/60 HPs)
             Began as a Human Earth Elementalist on June 17, 2023.
             Was a Priest of Fedhas.
             Killed from afar by an electric eel (6 damage)
             ... with a bolt of electricity
             ... on level 6 of the Dungeon.
             The game lasted 00:17:55 (4892 turns).

wingedge the Cudgeller (Human Earth Elementalist)   Turns: 4892, Time: 00:17:55

Health: -3/60      AC: 12    Str:  9    XL:     8   Next: 31%
Magic:  3/3        EV:  8    Int: 18    God:    Fedhas [***...]
Gold:   332        SH:  5    Dex: 13    Spells: 8/11 levels left

rFire   . . .        a - +4 demon whip (antimagic)
rCold   . . .        (no shield)
rNeg    . . .        n - +2 scale mail {Will+}
rPois   .            l - +2 hat
rElec   .            (no cloak)
rCorr   .            (no gloves)
SInv    .            e - +0 pair of boots
Will    +....        w - amulet of reflection
Stlth   +            (no ring)
HPRegen 0.30/turn    (no ring)
MPRegen 0.08/turn

%: reflection
@: no status effects
A: no striking features
a: Renounce Religion, Wall of Briars, Grow Ballistomycete


You were on level 6 of the Dungeon.
You worshipped Fedhas.
Fedhas was most pleased with you.
You visited 2 branches of the dungeon, and saw 7 of its levels.

You collected 332 gold pieces.

Inventory:

Hand Weapons
 a - a +4 antimagic demon whip (weapon)
 b - a +0 sling
 c - a +0 whip
 r - a +0 dagger
Missiles
 v - 2 curare-tipped darts (quivered)
 z - 3 poisoned darts
Armour
 d - a +0 robe
 e - a +0 pair of boots (worn)
 l - a +2 hat (worn)
 n - a +2 scale mail of willpower (worn)
 q - a +0 ring mail
Magical Staves
 A - a staff of earth
Jewellery
 w - an amulet of reflection (around neck)
Wands
 x - a wand of mindburst (3)
Scrolls
 m - a scroll of fear
 y - a scroll of amnesia
Potions
 f - 2 potions of cancellation {unknown}
 g - a potion of might {unknown}
 h - 2 potions of haste {unknown}
 i - a potion of degeneration {unknown}
 j - 2 potions of resistance {unknown}
 k - a potion of magic
 o - 2 potions of flight {unknown}
 p - a potion of invisibility {unknown}
 s - a potion of lignification {unknown}
 t - 4 potions of heal wounds
 u - a potion of curing {unknown}


   Skills:
 - Level 4.0 Fighting
 + Level 4.8 Maces & Flails
 + Level 3.5 Armour
 - Level 2.0 Dodging
 - Level 2.0 Stealth
 - Level 2.1 Spellcasting
 - Level 0.9 Conjurations
 - Level 1.0 Transmutations
 - Level 3.8 Earth Magic
 + Level 3.7 Invocations


You had 8 spell levels left.
You knew the following spells:

 Your Spells              Type           Power      Damage    Failure   Level
b - Stone Arrow           Conj/Erth      20%        3d8       82%         3

Your spell library contained the following spells:

 Spells                   Type           Power      Damage    Failure   Level
 Sandblast                Erth           30%        2d9       26%         1
 Passwall                 Tmut/Erth      8%         N/A       58%         2
 Beastly Appendage        Tmut           10%        N/A       65%         1
 Wereblood                Tmut           5%         N/A       78%         2
 Spider Form              Tmut/Pois      3%         N/A       97%         3
 Petrify                  Tmut/Erth      10%        N/A       99%         4


Dungeon Overview and Level Annotations

Branches:
Dungeon (6/15)             Temple (1/1) D:5

Altars:
Ashenzari
Dithmenos
Elyvilon
Fedhas
Hepliaklqana
Kikubaaqudgha
Nemelex Xobeh
Okawaru
Ru
Trog
Uskayaw
Zin
The Shining One


Message History

You hit the adder.
The adder is lightly wounded.
The adder bites you but does no damage.
You whack the adder!
You kill the adder!
Fedhas appreciates your contribution to the ecosystem.
The electric eel shoots out a bolt of lightning at you!
The bolt of electricity hits you.
You start resting.
HP restored.
The electric eel shoots out a bolt of lightning at you!
The bolt of electricity hits you! x2
The bolt of electricity hits the electric eel.
The electric eel completely resists.
Things that are here:
a +0 robe; an adder corpse You hit the electric eel.
The electric eel is heavily wounded.
The electric eel shoots out a bolt of lightning at you!
The bolt of electricity hits you! The bolt of electricity hits you.
The bolt of electricity hits the electric eel.
The electric eel completely resists.
You closely miss the electric eel.
The electric eel is heavily wounded.
The electric eel shoots out a bolt of lightning at you!
The bolt of electricity hits you!
* * * LOW HITPOINT WARNING * * *
The bolt of electricity hits you!
* * * LOW HITPOINT WARNING * * *
The bolt of electricity hits the electric eel.
The electric eel completely resists.
Throw: 3 darts (curare)
Press: ? - help, Q - select action, (/) - cycle Shift-Dir - straight line, f - electric eel
Aim: an electric eel (water, heavily wounded, 40% to hit)
You throw a curare-tipped dart.
The curare-tipped dart closely misses the electric eel.
You hear a splash.
The electric eel shoots out a bolt of lightning at you!
The bolt of electricity hits you.
You die...
Fedhas appreciates your contribution to the ecosystem.

#### ######### ...##
#........ # #..#
#.####### .♣#. #.# #.# #
....####.# #.# #
≈≈≈≈≈≈S@.# #.# #
≈≈≈≈≈≈≈.## ####.# #
........## #....# #
.♣#......# #.#### #
#......####.#### #
#.............>#######
#......#######..##....
..............#.......#
###..............#.#.#(#


You could see an electric eel.

Vanquished Creatures
  Eustachio (D:5)
  A black bear (D:5)
  3 ogres
  A centaur (D:5)
  An orc priest (D:4)
  A hound (D:4)
  An iguana (D:4)
  2 orc wizards (D:4)
  5 gnolls
  11 adders
  An ufetubus (D:5)
  A worm (D:3)
  A dart slug (D:2)
  8 orcs
  6 endoplasms
  3 giant cockroaches
  6 goblins
  4 hobgoblins
  3 jackals (D:4)
  3 quokkas
  7 ball pythons
  3 bats
  A frilled lizard (D:3)
  10 kobolds
  6 rats
90 creatures vanquished.

Notes
Turn   | Place    | Note
-------+----------+-------------------------------------------
     0 | D:1      | wingedge the Human Earth Elementalist began the quest for
                  | the Orb.
     0 | D:1      | Reached XP level 1. HP: 13/13 MP: 3/3
   119 | D:1      | Found a faded altar of an unknown god.
   128 | D:1      | Prayed at the altar of an unknown god.
   128 | D:1      | Became a worshipper of Fedhas Madash
   128 | D:1      | Reached * piety under Fedhas
   364 | D:1      | Reached skill level 1 in Fighting
   364 | D:1      | Reached XP level 2. HP: 21/21 MP: 0/5
   737 | D:1      | Reached XP level 3. HP: 26/26 MP: 4/6
  1104 | D:2      | Reached ** piety under Fedhas
  1222 | D:2      | Learned a level 3 spell: Stone Arrow
  1485 | D:2      | Reached XP level 4. HP: 29/32 MP: 2/7
  2126 | D:3      | Found a faded altar of an unknown god.
  2129 | D:3      | Found a sparkling altar of Nemelex Xobeh.
  2220 | D:3      | Found a hazy altar of Hepliaklqana.
  2570 | D:3      | Reached skill level 1 in Maces & Flails
  2570 | D:3      | Reached skill level 1 in Armour
  2604 | D:3      | Reached XP level 5. HP: 38/38 MP: 2/8
  2756 | D:4      | Reached skill level 1 in Invocations
  2780 | D:4      | Reached XP level 6. HP: 20/46 MP: 3/9
  2968 | D:4      | Found a sacrificial altar of Ru.
  3023 | D:4      | Reached *** piety under Fedhas
  3545 | D:4      | Noticed an ogre
  3557 | D:4      | Killed an ogre
  3558 | D:4      | Reached XP level 7. HP: 52/52 MP: 3/10
  3926 | D:5      | Entered Level 5 of the Dungeon
  3942 | D:5      | Noticed Eustachio
  3954 | D:5      | Killed Eustachio
  4221 | D:5      | Reached XP level 8. HP: 52/60 MP: 3/11
  4506 | D:5      | Found a staircase to the Ecumenical Temple.
  4520 | Temple   | Entered the Ecumenical Temple
  4891 | D:6      | HP: 2/60 [electric eel/bolt of electricity (13)]
  4892 | D:6      | Killed from afar by an electric eel

Illustrated notes

Levels and vault maps discovered:
D:1:      sevenhm_arrival_forest_fort_small_3, layout_loops_ring,
          dreamdust_ecumenical_altar_hidden_monk_grotto
D:2:      layout_loops_ring, minmay_fountain_box, kennysheep_doodads
D:3:      minmay_chambers_of_twos, layout_loops_ring,
          nicolae_overflow_ecumenical_swirl, nicolae_hepliaklqana_hippocampus
D:4:      layout_loops_ring, mainiacjoe_overflow_paths, nicolae_zen_rock_garden
D:5:      layout_rooms, minmay_temple_entry_glassed_door, uniq_eustachio
D:6:      layout_basic, lemuel_doored_altar, nicolae_vehumet_radiance,
          mainiacjoe_overflow_small_starburst, gammafunk_ghost_nasty_kobolds,
          serial_glass, glass_columns_b, glass_columns_b,
          nicolae_wooded_promenade, abandoned_shop, uniq_blork_the_orc
Temple:   compressed_dpeg_circular_temple

Skill      XL: |  1  2  3  4  5  6  7  8 |
---------------+-------------------------+-----
Fighting       | 1 2 3 4 |  4.0
Maces & Flails | 1 3 4 |  4.8
Armour         | 1 2 3 |  3.5
Invocations    | 1 2 3 |  3.7
Dodging        | |  2.0
Stealth        | |  2.0
Spellcasting   | |  2.1
Conjurations   | |  0.9
Transmutations | |  1.0
Earth Magic    | |  3.8

Action                     |  1- 3 |  4- 6 |  7- 9 || total
---------------------------+-------+-------+-------++-------
  Melee: Dagger            |     1 |       |       ||     1
         Demon whip        |    16 |   128 |    73 ||   217
         Punch             |       |     1 |     1 ||     2
   Fire: Sling             |    21 |       |       ||    21
  Throw: Dart              |       |     4 |     2 ||     6
   Cast: Sandblast         |    29 |       |       ||    29
    Use: Scroll            |     2 |     5 |     2 ||     9
 Armour: Robe              |     4 |       |       ||     4
         Scale mail        |       |    59 |    41 ||   100
  Dodge: Dodged            |    20 |    68 |    23 ||   111
  Block: Other             |       |       |     8 ||     8
